 Dungeon Crawl Stone Soup version 0.31-a0-1178-gc5c9b8f871 (webtiles) character file.

Game seed: 4794602638299500570

5198 qw the Skirmisher (level 10, -2/64 HPs)
             Began as a Gargoyle Hunter on Dec 11, 2023.
             Was a Follower of Okawaru.
             Slain by a skyshark (7 damage)
             ... on level 1 of the Lair of Beasts.
             The game lasted 00:03:25 (6797 turns).

qw the Skirmisher (Gargoyle Hunter)                 Turns: 6797, Time: 00:03:25

Health: -2/64      AC: 21    Str: 16    XL:     10   Next: 60%
Magic:  12/12      EV: 11    Int:  9    God:    Okawaru [*.....]
Gold:   256        SH:  0    Dex: 14    Spells: 9/9 levels left

rFire   . . .        e - +0 arbalest
rCold   + . .        (shield currently unavailable)
rNeg    + . .        o - +3 ring mail of Umefots {rC+ Will+ Dex-3}
rPois   inf          i - +0 helmet
rElec   +            (no cloak)
rCorr   .            g - +2 pair of gloves
SInv    .            n - +0 pair of boots
Will    +....        (no amulet)
Stlth   +            (no ring)
HPRegen 0.30/turn    (no ring)
MPRegen 0.13/turn

%: no passive effects
@: about to teleport
A: sickness immunity, AC +7, negative energy resistance 1, electricity
resistance, torment resistance 1, petrification resistance
a: Renounce Religion, Heroism


You were on level 1 of the Lair of Beasts.
You worshipped Okawaru.
Okawaru was aware of your devotion.
You visited 3 branches of the dungeon, and saw 10 of its levels.
You also visited: Ossuary.

You collected 379 gold pieces.
You spent 123 gold pieces at shops.


Innate Abilities, Weirdness & Mutations

You are immune to sickness and miasma.
Your stone body is resilient. (AC +7)
You are immune to poison.
You resist negative energy. (rN+)
You are resistant to electric shocks. (rElec)
You are resistant to unholy torment.
You are immune to petrification.


   Skills:
 - Level 8.0 Fighting
 + Level 12.9 Ranged Weapons
 - Level 4.0 Armour
 - Level 3.0 Dodging
 - Level 1.1 Stealth
 + Level 3.2 Invocations


You had 9 spell levels left.
You didn't know any spells.
Your spell library was empty.

Inventory:

Hand Weapons
 e - a +0 arbalest (weapon)
Armour
 g - a +2 pair of gloves (worn)
 i - a +0 helmet (worn)
 k - a +2 robe of fire resistance
 n - a +0 pair of boots (worn)
 o - the +3 ring mail of Umefots (worn) {rC+ Will+ Dex-3}
   (You found it on level 7 of the Dungeon)

   Dex-3:     It affects your dexterity (-3).
   rC+:       It protects you from cold.
   Will+:     It increases your willpower.
Jewellery
 h - a ring of fire
Wands
 c - a wand of light (14)
 p - a wand of polymorph (22)
 r - a wand of paralysis (9)
 s - a wand of roots (12)
Scrolls
 d - a scroll of immolation {unknown}
 f - 2 scrolls of teleportation
 j - 7 scrolls of identify
Potions
 a - a potion of resistance
 b - 3 potions of curing
 l - 5 potions of heal wounds
 m - a potion of cancellation
 q - 2 potions of mutation

Dungeon Overview and Level Annotations

Branches:
Dungeon (8/15)             Temple (1/1) D:4            Lair (1/5) D:8
Ossuary (visited)

Altars:
Ashenzari
Cheibriados
Dithmenos
Elyvilon
Fedhas
Gozag
Hepliaklqana
Kikubaaqudgha
Makhleb
Nemelex Xobeh
Okawaru
Qazlal
Ru
Trog
Uskayaw
Vehumet
Wu Jian
Xom
Yredelemnul
Zin
The Shining One

Shops:
D:1 ?   D:3 (   D:4 ?   D:6 *


Message History

The skyshark bites you. The skyshark barely misses you.
The skyshark closely misses you.
You shoot a bolt.
The bolt hits the skyshark but does no damage.
The skyshark is moderately wounded.
The skyshark bites you but does no damage.
The skyshark tail-slaps you but does no damage. x2
You shoot a bolt. The bolt hits the skyshark!
The skyshark is heavily wounded.
The skyshark bites you but does no damage.
The skyshark tail-slaps you but does no damage.
The skyshark tail-slaps you.
You shoot a bolt. The bolt hits the skyshark!
The skyshark is heavily wounded.
The skyshark bites you! The skyshark closely misses you.
The skyshark barely misses you. x2
The skyshark tail-slaps you but does no damage.
The skyshark closely misses you.
You shoot a bolt. The bolt hits the skyshark!
The skyshark is severely wounded.
The skyshark bites you!
The skyshark tail-slaps you but does no damage.
The skyshark misses you.
You shoot a bolt.
The bolt hits the skyshark but does no damage.
The skyshark is severely wounded.
The skyshark bites you but does no damage.
The skyshark tail-slaps you.
The skyshark tail-slaps you but does no damage.
You shoot a bolt. The bolt hits the skyshark!
The skyshark is almost dead.
The skyshark bites you!
The skyshark tail-slaps you but does no damage. x2
The skyshark bites you.
The skyshark tail-slaps you but does no damage. x2
6797 ||| READING 3 scrolls of teleportation.
As you read the scroll of teleportation, it crumbles to dust.
You feel strangely unstable. The skyshark bites you. The skyshark misses you.
The skyshark tail-slaps you!
You die...

## #.##########
#.........# ##+##
#@...>....####....
#F....>..+...#....
#........###.'....
#.........#
###....
#.F+........#
#....
####........#
#.... ##+####..#
#.... #### ###.#
#..


You could see a skyshark.

Vanquished Creatures
  Pikel (D:7)
  A spriggan (D:8)
  3 wargs (D:8)
  2 water moccasins
  Duvessa (D:6)
  A sky beast (D:8)
  3 black bears
  3 ice beasts
  2 ogres
  A hornet zombie (Ossuary)
  2 centaurs (D:8)
  2 lemures (D:7)
  A wyvern zombie (Ossuary)
  4 necrophages (D:6)
  3 scorpions
  3 bullfrogs
  A water moccasin zombie (D:6)
  5 wights (D:8)
  Dowan (D:6)
  4 killer bees (D:6)
  6 howler monkeys
  3 bullfrog zombies (Ossuary)
  7 hounds
  An orc priest (D:8)
  3 centaur zombies (Ossuary)
  2 jellies (D:7)
  12 mummies (Ossuary)
  Jessica (D:2)
  4 iguanas
  7 orc wizards
  2 killer bee zombies (Ossuary)
  4 howler monkey zombies
  11 gnolls
  9 adders
  3 shadow imps
  2 worms (D:2)
  5 dart slugs
  23 orcs
  4 ball pythons
  7 bats
  10 endoplasms
  A giant cockroach (D:3)
  4 goblins
  4 hobgoblins
  6 jackals
  2 quokkas
  5 frilled lizards
  5 kobolds
  9 rats
206 creatures vanquished.

Vanquished Creatures (others)
  An orc (D:5)
1 creature vanquished.

Grand Total: 207 creatures vanquished

Notes
Turn   | Place    | Note
-------+----------+-------------------------------------------
     0 | D:1      | qw the Gargoyle Hunter began the quest for the Orb.
     0 | D:1      | Reached XP level 1. HP: 12/12 MP: 1/1
     0 | D:1      | 0 ||| qw: Version: 0.3-a-106-g2cfff9e
     0 | D:1      | 0 ||| qw: Game counter: 2067
     0 | D:1      | 0 ||| qw: Melee chars always use a shield: true
     0 | D:1      | 0 ||| qw: God list: Okawaru
     0 | D:1      | 0 ||| qw: Allow faded altars: false
     0 | D:1      | 0 ||| qw: Do Orc after clearing Dungeon:15 true
     0 | D:1      | 0 ||| qw: Do second Lair branch before Depths: true
     0 | D:1      | 0 ||| qw: Lair rune preference: random
     0 | D:1      | 0 ||| qw: Goals: Normal, Save, Zot:1-4, Win
     0 | D:1      | 0 ||| PLANNING D:1-11
   114 | D:1      | Found a faded altar of an unknown god.
   173 | D:1      | Found Opian's Magic Scroll Shop.
   176 | D:1      | 176 ||| SHOPLISTING scroll of acquirement (728 gold, have
                  | 19).
   176 | D:1      | 176 ||| SHOPLISTING scroll of enchant armour (105 gold,
                  | have 19).
   176 | D:1      | 176 ||| SHOPLISTING scroll of identify (28 gold, have 19).
   176 | D:1      | 176 ||| SHOPLISTING scroll of teleportation (42 gold, have
                  | 19).
   289 | D:1      | Reached XP level 2. HP: 17/17 MP: 2/2
   562 | D:1      | Reached XP level 3. HP: 21/21 MP: 3/3
   766 | D:1      | Reached skill level 5 in Ranged Weapons
   964 | D:1      | 964 ||| UPGRADING to +0 ring mail.
   974 | D:1      | 974 ||| DROPPING +0 leather armour.
   975 | D:1      | 975 ||| UPGRADING to +0 pair of gloves.
   980 | D:1      | 980 ||| UPGRADING to +0 helmet.
   985 | D:1      | 985 ||| READING scroll labelled KIBBUCA FEUGG.
   985 | D:1      | 985 ||| IDENTIFYING sapphire potion
   986 | D:1      | 986 ||| READING scroll labelled LUAFA DAOS.
   987 | D:1      | 987 ||| READING scroll labelled HUMUDEA VARING.
   988 | D:1      | 988 ||| READING scroll labelled XIJEUNOMIE.
   989 | D:1      | 989 ||| DRINKING 2 fizzy coppery potions.
   990 | D:1      | 990 ||| DROPPING scroll of butterflies.
  1242 | D:2      | Noticed Jessica
  1246 | D:2      | Killed Jessica
  1247 | D:2      | Reached XP level 4. HP: 27/27 MP: 4/4
  1365 | D:2      | Reached skill level 3 in Fighting
  1672 | D:3      | 1672 ||| DRINKING potion of curing.
  1672 | D:3      | 1672 ||| (to cure confusion)
  1676 | D:3      | Reached XP level 5. HP: 30/32 MP: 5/5
  1880 | D:3      | Found Diobuor's Antique Weapon Shoppe.
  1964 | D:3      | 1964 ||| READING scroll of identify.
  1964 | D:3      | 1964 ||| IDENTIFYING golden potion
  1965 | D:3      | 1965 ||| READING 2 scrolls labelled GOMUINUSABRE.
  1968 | D:3      | 1968 ||| READING scroll labelled YWOMUS QOJ IPP.
  1969 | D:3      | 1969 ||| DROPPING potion of degeneration.
  2006 | D:4      | Found a radiant altar of Vehumet.
  2006 | D:4      | Found a snail-covered altar of Cheibriados.
  2033 | D:4      | Reached skill level 6 in Ranged Weapons
  2093 | D:4      | 2093 ||| SWAPPING to +0 arbalest.
  2094 | D:4      | 2094 ||| DROPPING +0 shortbow.
  2099 | D:4      | Found Yguofe Dybo's Magic Scroll Emporium.
  2148 | D:4      | Identified the +6 short sword of the Whelk {chaos, +Blink
                  | Will+ Str+2}
  2187 | D:4      | 2187 ||| BUYING scroll of enchant armour (97 gold).
  2187 | D:4      | Bought a scroll of enchant armour for 97 gold pieces
  2187 | D:4      | 2187 ||| SHOPLISTING scroll of enchant weapon (97 gold,
                  | have 49).
  2187 | D:4      | 2187 ||| BUYING scroll of identify (26 gold).
  2187 | D:4      | Bought a scroll of identify for 26 gold pieces
  2187 | D:4      | 2187 ||| SHOPLISTING scroll of identify (26 gold, have 23).
  2187 | D:4      | 2187 ||| READING scroll of enchant armour.
  2187 | D:4      | 2187 ||| ENCHANTING +0 pair of gloves.
  2433 | D:4      | Found a staircase to the Ecumenical Temple.
  2434 | D:4      | 2434 ||| PLANNING TEMPLE
  2434 | D:4      | 2434 ||| UPGRADING to +0 pair of boots.
  2439 | D:4      | 2439 ||| DROPPING ring of magical power.
  2440 | D:4      | 2440 ||| READING 5 scrolls of identify.
  2440 | D:4      | 2440 ||| IDENTIFYING smoky brown potion
  2441 | D:4      | 2441 ||| READING 4 scrolls of identify.
  2441 | D:4      | 2441 ||| IDENTIFYING 2 pink potions
  2442 | D:4      | 2442 ||| DROPPING potion of invisibility.
  2443 | D:4      | 2443 ||| DROPPING 2 potions of brilliance.
  2451 | D:4      | Reached XP level 6. HP: 28/38 MP: 6/6
  2535 | Temple   | Entered the Ecumenical Temple
  2536 | Temple   | 2536 ||| PLANNING D:1-11
  2821 | D:5      | Entered Level 5 of the Dungeon
  2822 | D:5      | 2822 ||| PLANNING OSSUARY
  2830 | D:5      | Noticed an ice beast
  2834 | D:5      | Killed an ice beast
  2835 | D:5      | Reached skill level 7 in Ranged Weapons
  2835 | D:5      | Reached XP level 7. HP: 43/43 MP: 7/7
  2864 | D:5      | Found a sand-covered staircase.
  2872 | Ossuary  | Entered an ossuary
  2882 | Ossuary  | 2882 ||| Stepping ~*~*~tactically~*~*~ (retreating).
  2943 | Ossuary  | Reached skill level 8 in Ranged Weapons
  3028 | Ossuary  | Reached XP level 8. HP: 17/49 MP: 8/8
  3338 | Ossuary  | Reached skill level 9 in Ranged Weapons
  3386 | Ossuary  | 3386 ||| READING 13 scrolls of identify.
  3386 | Ossuary  | 3386 ||| IDENTIFYING gluggy clear potion
  3387 | Ossuary  | 3387 ||| READING 12 scrolls of identify.
  3387 | Ossuary  | 3387 ||| IDENTIFYING fizzy inky potion
  3388 | Ossuary  | 3388 ||| READING 11 scrolls of identify.
  3388 | Ossuary  | 3388 ||| IDENTIFYING grey potion
  3389 | Ossuary  | 3389 ||| READING 10 scrolls of identify.
  3389 | Ossuary  | 3389 ||| IDENTIFYING ruby potion
  3390 | Ossuary  | 3390 ||| READING 9 scrolls of identify.
  3390 | Ossuary  | 3390 ||| IDENTIFYING 2 puce potions
  3391 | Ossuary  | 3391 ||| READING 8 scrolls of identify.
  3391 | Ossuary  | 3391 ||| IDENTIFYING scroll labelled ZIMIMU LOOBOSA
  3392 | Ossuary  | 3392 ||| DROPPING 2 potions of lignification.
  3393 | Ossuary  | 3393 ||| DROPPING scroll of revelation.
  3394 | Ossuary  | 3394 ||| DROPPING potion of magic.
  3418 | D:5      | 3418 ||| PLANNING D:1-11
  3549 | D:5      | 3549 ||| READING scroll of enchant armour.
  3549 | D:5      | 3549 ||| ENCHANTING +1 pair of gloves.
  3702 | D:5      | Reached skill level 3 in Armour
  3761 | D:5      | Reached skill level 6 in Fighting
  3768 | D:5      | HP: 9/51 [something (4)]
  3769 | D:5      | 3769 ||| READING 3 scrolls of teleportation.
  3770 | D:5      | 3770 ||| DRINKING 2 potions of heal wounds.
  3825 | D:5      | 3825 ||| FLEEEEING.
  3826 | D:5      | 3826 ||| FLEEEEING.
  3827 | D:5      | 3827 ||| FLEEEEING.
  3828 | D:5      | 3828 ||| FLEEEEING.
  3829 | D:5      | 3829 ||| FLEEEEING.
  4250 | D:6      | Found Fiuleah's Fabulous Fripperies.
  4298 | D:6      | Reached skill level 10 in Ranged Weapons
  4298 | D:6      | Reached XP level 9. HP: 55/55 MP: 9/9
  4377 | D:6      | Found a blossoming altar of Fedhas.
  4522 | D:6      | 4522 ||| Stepping ~*~*~tactically~*~*~ (retreating).
  4523 | D:6      | 4523 ||| Stepping ~*~*~tactically~*~*~ (retreating).
  4739 | D:6      | Noticed Dowan
  4739 | D:6      | Noticed Duvessa
  4742 | D:6      | 4742 ||| Stepping ~*~*~tactically~*~*~ (retreating).
  4750 | D:6      | Killed Duvessa
  4757 | D:6      | Killed Dowan
  4971 | D:6      | Found a sparkling altar of Nemelex Xobeh.
  5213 | D:6      | Reached skill level 11 in Ranged Weapons
  5263 | D:6      | Reached skill level 3 in Dodging
  5282 | D:6      | 5282 ||| READING 9 scrolls of identify.
  5282 | D:6      | 5282 ||| IDENTIFYING amethyst potion
  5283 | D:6      | 5283 ||| DROPPING wand of flame (25).
  5284 | D:6      | 5284 ||| DROPPING potion of berserk rage.
  5361 | D:7      | 5361 ||| RETREEAATING.
  5363 | D:7      | 5363 ||| Stepping ~*~*~tactically~*~*~ (retreating).
  5476 | D:7      | Found a basalt altar of Yredelemnul.
  5491 | D:7      | Identified the +3 ring mail of Umefots {rC+ Will+ Dex-3}
  5641 | D:7      | Noticed Pikel
  5642 | D:7      | 5642 ||| Stepping ~*~*~tactically~*~*~ (retreating).
  5646 | D:7      | 5646 ||| Stepping ~*~*~tactically~*~*~ (retreating).
  5647 | D:7      | 5647 ||| Stepping ~*~*~tactically~*~*~ (retreating).
  5650 | D:7      | 5650 ||| Stepping ~*~*~tactically~*~*~ (retreating).
  5651 | D:7      | 5651 ||| Stepping ~*~*~tactically~*~*~ (retreating).
  5657 | D:7      | Killed Pikel
  5658 | D:7      | Reached skill level 12 in Ranged Weapons
  5658 | D:7      | Reached XP level 10. HP: 37/64 MP: 10/10
  5862 | D:7      | Found an iron altar of Okawaru.
  5863 | D:7      | 5863 ||| PLANNING OKAWARU WORSHIP
  5863 | D:7      | 5863 ||| UPGRADING to +3 ring mail of Umefots {rC+ Will+
                  | Dex-3}.
  5873 | D:7      | 5873 ||| READING 8 scrolls of identify.
  5873 | D:7      | 5873 ||| IDENTIFYING yellow potion
  5874 | D:7      | 5874 ||| DROPPING potion of ambrosia.
  5877 | D:7      | Became a worshipper of Warmaster Okawaru
  5878 | D:7      | 5878 ||| PLANNING D:1-11
  5888 | D:7      | Found a bloodstained altar of Trog.
  5969 | D:8      | 5969 ||| STAIRDANCE
  6055 | D:8      | 6055 ||| Stepping ~*~*~tactically~*~*~ (retreating).
  6058 | D:8      | 6058 ||| Stepping ~*~*~tactically~*~*~ (retreating).
  6097 | D:8      | 6097 ||| FLEEEEING.
  6125 | D:8      | Reached * piety under Okawaru
  6188 | D:8      | Reached skill level 1 in Invocations
  6225 | D:8      | Found a staircase to the Lair.
  6584 | D:8      | Found a hazy altar of Hepliaklqana.
  6585 | D:8      | Found a faded altar of an unknown god.
  6587 | D:8      | 6587 ||| PLANNING LAIR
  6587 | D:8      | 6587 ||| DROPPING +0 ring mail.
  6626 | Lair:1   | Entered Level 1 of the Lair of Beasts
  6633 | Lair:1   | Reached skill level 3 in Invocations
  6780 | Lair:1   | Noticed a skyshark
  6796 | Lair:1   | HP: 11/64 [skyshark (13)]
  6797 | Lair:1   | 6797 ||| READING 3 scrolls of teleportation.
  6797 | Lair:1   | HP: 5/64 [skyshark (3)]
  6797 | Lair:1   | Slain by a skyshark

Levels and vault maps discovered:
D:1:      giann_wishing_wells, layout_loops_corners, serial_shops,
          nicolae_shop_rolled_up, dreamdust_ecumenical_altar_statues,
          moated_statue
D:2:      layout_basic, uniq_jessica
D:3:      layout_rooms, serial_shops, shop, amcnicky_mini_rare_corridor_liquid
D:4:      layout_loops_ring, nicolae_overflow_two_pavilions,
          minmay_temple_entry_tees, serial_shops, nicolae_shop_hallway_plus
D:5:      layout_basic, enter_ossuary_1, feat_on_display
D:6:      layout_basic, fedhas_altar_decomposition,
          mainiacjoe_overflow_alcove_1, nicolae_alphabet_shops, uniq_duvessa
D:7:      layout_basic, kennysheep_mini_moat, mainiacjoe_overflow_swirl,
          minmay_misc_feat_room, kennysheep_cross_bottleneck, uniq_pikel
D:8:      layout_rooms, beargit_hepliaklqana_dungeon_heroes,
          erik_lair_orcish_takeover
Temple:   compressed_dpeg_triangle_lava_temple
Lair:1:   layout_roguey [special_room_bee], infiniplex_staircase_pool,
          uniq_fannar

Skill      XL: |  1  2  3  4  5  6  7  8  9 10 |
---------------+-------------------------------+-----
Ranged Weapons | 5 6 7 8 10 12 | 12.9
Armour         | 2 3 4 |  4.0
Fighting       | 3 4 5 6 8 |  8.0
Dodging        | 2 3 |  3.0
Invocations    | 3 |  3.2
Stealth        | |  1.1

Action                     |  1- 3 |  4- 6 |  7- 9 | 10-12 || total
---------------------------+-------+-------+-------+-------++-------
   Fire: Shortbow          |   111 |   141 |       |       ||   252
         Arbalest          |       |    53 |   385 |   123 ||   561
    Use: Scroll            |     4 |     6 |     9 |     2 ||    21
         Potion            |     1 |     1 |     1 |       ||     3
 Armour: Leather armour    |    15 |       |       |       ||    15
         Ring mail         |    13 |    99 |   306 |   152 ||   570
  Dodge: Dodged            |    29 |    63 |   241 |    93 ||   426

Table legend:
 A = Non-vault XP
 B = Vault XP
 C = Vault XP percentage of total XP
 D = Non-vault monster count
 E = Vault monster count
 F = Vault count percentage of total count
                 A         B        C        D         E       F
            +---------+---------+-------+---------+---------+-------
      Total |    4319 |    3108 |  41.8 |     160 |      44 |  21.6
            +---------+---------+-------+---------+---------+-------
        D:1 |      44 |       0 |   0.0 |      26 |       0 |   0.0
        D:2 |      48 |      37 |  43.5 |      16 |       1 |   5.9
        D:3 |      83 |       0 |   0.0 |      21 |       0 |   0.0
        D:4 |     280 |       0 |   0.0 |      17 |       0 |   0.0
        D:5 |     705 |       0 |   0.0 |      24 |       0 |   0.0
        D:6 |     939 |     677 |  41.9 |      18 |       9 |  33.3
        D:7 |     859 |     651 |  43.1 |      15 |       1 |   6.2
        D:8 |    1126 |     814 |  42.0 |      21 |       9 |  30.0
     Lair:1 |     235 |       0 |   0.0 |       2 |       0 |   0.0
    Ossuary |       0 |     929 | 100.0 |       0 |      24 | 100.0
            +---------+---------+-------+---------+---------+-------
